 Dungeon Crawl Stone Soup version 0.17-a0-1450-g7e755d1 (webtiles) character file.

56 HEYYEYAAE the Gusty (level 4, -3/31 HPs)
             Began as a Human Air Elementalist on June 30, 2015.
             Slain by an adder (4 damage)
             ... on level 2 of the Dungeon.
             The game lasted 00:03:39 (1461 turns).

HEYYEYAAE the Gusty (Human Air Elementalist)        Turns: 1461, Time: 00:03:40

Health: -3/31      AC:  3    Str:  8    XL:     4   Next: 15%
Magic:  3/8        EV: 12    Int: 16    God:
Gold:   45         SH:  0    Dex: 14    Spells: 1 memorised, 7 levels left

rFire  . . .     SeeInvis .     i - +2 short sword (venom)
rCold  . . .     Clarity  .     a - +0 robe
rNeg   . . .     SustAt   .     (no shield)
rPois  .         Gourm    .     (no helmet)
rElec  .         Spirit   .     j - +0 cloak
rCorr  .         Warding  .     (no gloves)
rMut   .         Stasis   .     (no boots)
MR     .....                    (no amulet)
Stlth  ++........               (no ring)
                                (no ring)

@: lethally poisoned (-3 -> -7), not resistant to hostile enchantments,
unstealthy
A: no striking features
a: no special abilities


You were on level 2 of the Dungeon.
You were not hungry.

You visited 1 branch of the dungeon, and saw 2 of its levels.

You collected 45 gold pieces.

Inventory:

Hand weapons
 e - a +0 short sword
 i - a +2 short sword of venom (weapon)
Armour
 a - a +0 robe (worn)
 j - a +0 cloak (worn)
Scrolls
 f - a scroll of remove curse
 g - a scroll of identify
Books
 b - a book of Air

   Spells                             Type                      Level
   a - Shock                          Conjuration/Air              1
   b - Swiftness                      Charms/Air                   2
   c - Repel Missiles                 Charms/Air                   2
   d - Static Discharge               Conjuration/Air              3
   e - Lightning Bolt                 Conjuration/Air              5
Comestibles
 c - a bread ration


   Skills:
 + Level 0.6 Fighting
 + Level 1.0 Armour
 + Level 2.2 Dodging
 - Level 2.0 Stealth
 * Level 2.8 Spellcasting
 - Level 1.0 Conjurations
 * Level 3.6 Air Magic


You had 7 spell levels left.
You knew the following spells:

 Your Spells              Type           Power        Failure   Level  Hunger
a - Shock                 Conj/Air       #...         10%         1    #......


Dungeon Overview and Level Annotations

Branches:
Dungeon (2/15)

Altars:


Message History

Aiming: Shock
Press: ? - help, Shift-Dir - straight line, f/p - gnoll
Aim: a gnoll, wielding a spear and wearing a robe (moderately wounded)
Okay, then.
Your magical contamination has completely faded away.
The gnoll hits you but does no damage. The adder bites you.
* * * LOW HITPOINT WARNING * * *
You are lethally poisoned!
The adder poisons you!
* * * LOW HITPOINT WARNING * * *
You feel sick.
* * * LOW HITPOINT WARNING * * *
You feel sick. The adder misses you.
You see here 10 stones.
You hit the adder.
The adder is almost dead.
The adder bites you.
You die...

###....g...........#.####
###...........)##....#.#
#...........##.........#
#####....##.....###....g#######
##....##.##...#.##.gg#.÷......##
..).............##...##........##
..#....#........#.g.##.........>#
.##....#..#..#...S#.............#
###.......#....#@<...#.......[..#
##......#........#...#.>.......)#
#......#..####......#...........
##....#...# #.......##..........
#.)....#.###.#<..#.##÷........[
....##.. #......#.#........... ..
.# #.##..##..........[..
#.###..##............ #.#
##...............


You could see 3 gnolls and an adder.

Vanquished Creatures
  An adder (D:2)
  A worm (D:2)
  2 giant geckos
  3 giant cockroaches
  7 hobgoblins
  2 jackals (D:1)
  8 bats
  A giant newt (D:1)
  4 goblins
  6 kobolds
  4 rats
39 creatures vanquished.

Notes
Turn   | Place    | Note
--------------------------------------------------------------
     0 | D:1      | HEYYEYAAE the Human Air Elementalist began the quest for the Orb.
     0 | D:1      | Reached XP level 1. HP: 13/13 MP: 3/3
   266 | D:1      | Reached XP level 2. HP: 14/19 MP: 5/5
   663 | D:1      | Reached XP level 3. HP: 25/25 MP: 4/6
  1196 | D:2      | Reached skill level 1 in Armour
  1196 | D:2      | Reached XP level 4. HP: 26/31 MP: 6/8
  1459 | D:2      | HP: 1/31 [poisoned by an adder]
  1461 | D:2      | Slain by an adder

Vault maps used:
D:1:      lemuel_arrival_lava_pool, minmay_misc_feat_plants, hex_intersection
D:2:      minmay_joined_circles

Action                   |  1- 3 |  4- 6 || total
-------------------------+-------+-------++-------
Melee: Short sword       |    68 |     3 ||    71
       Unarmed           |     3 |       ||     3
 Cast: Shock             |    32 |    23 ||    55
  Use: Potion            |     1 |       ||     1
       Scroll            |       |     3 ||     3
 Stab: Sleeping          |     4 |       ||     4
  Eat: Chunk             |     1 |     1 ||     2
